AoeStats
← NPG | Shimishi Maki

African Clearing

506735122Analyzed
4v4 RM · 18d ago on Sep 14, 2026· 28m 18s· 8 players
Game mode
Random Map
Map size
Large (8 player)
Population
200
Speed
Normal
Resources
Standard
Victory
Conquest
Starting age
Dark Age
Ending age
Imperial Age
RankedLock teamsTeams togetherTeam positionsShared explorationLock speedFull tech treeHidden civsTurbo modeCheats
Victory
Defeat
🇨🇱 Sicilians · Chile
1680
+12
1675
+13
🇨🇱 Magyars · Chile
1576
+17
🇨🇱 Shu · Chile
1516
+20
🇨🇱 Slavs · Chile
1641
-17
🇨🇳 Maya · China
1583
-15
🇦🇷 Bulgarians · Argentina
1582
-15
🇧🇷 Aztecs · Brazil
1577
-15
Tylenol
4:10 Loom
12:42 Feudal Age
13:15 Double-Bit Axe
17:54 Wheelbarrow
18:32 Fletching
25:37 Castle Age
24:44 Scale Mail Armor
25:51 Forging
25:37 Arson
25:36 Horse Collar
27:30 Squires
28:07 Gold Mining
HR Fast_PIG
11:55 Feudal Age
13:38 Forging
13:16 Loom
20:56 Castle Age
19:32 Double-Bit Axe
21:14 Fletching
_94_ShaDoW_Arg
4:27 Loom
13:30 Feudal Age
17:45 Castle Age
25:36 Town Watch
28:12 Wheelbarrow
Yucatan_water_supremacy
3:17 Loom
12:00 Feudal Age
13:41 Town Watch
15:15 Fletching
19:46 Padded Archer Armor
21:00 Wheelbarrow
26:39 Castle Age
AiM | PoRRo
4:31 Loom
11:59 Feudal Age
15:07 Fletching
25:27 Castle Age
26:14 Bodkin Arrow
26:35 Padded Archer Armor
27:51 Leather Archer Armor
27:03 Crossbowman
NPG | DR@CA
11:11 Loom
13:17 Feudal Age
13:24 Man-at-Arms
14:23 Arson
15:23 Double-Bit Axe
18:01 Fletching
20:48 Wheelbarrow
22:04 Horse Collar
25:32 Castle Age
25:21 Gold Mining
26:37 Bow Saw
26:28 Bodkin Arrow
LLaRLLi
9:21 Loom
11:38 Feudal Age
12:07 Double-Bit Axe
13:26 Fletching
22:50 Castle Age
21:17 Horse Collar
21:32 Gold Mining
22:53 Crossbowman
23:28 Bodkin Arrow
24:07 Bow Saw
24:39 Heavy Plow
27:11 Wheelbarrow
NPG | Shimishi Maki
10:33 Loom
13:05 Feudal Age
15:56 Fletching
21:46 Castle Age
20:50 Horse Collar
21:48 Crossbowman
22:24 Bodkin Arrow
22:51 Scale Mail Armor
25:23 Wheelbarrow
Connection lost

Rejoining the realm…

Still unreachable

The connection could not be restored.

Session expired

The server has moved on; the page needs a fresh start.